 Dungeon Crawl Stone Soup version 0.29.0-13-gc9e81de378 (webtiles) character file.

Game seed: 17770674933544505947

102 howech the Digger (level 4, -2/24 HPs)
             Began as a Gargoyle Earth Elementalist on Sept 7, 2022.
             Was an Initiate of Vehumet.
             Slain by a gnoll bouda
             ... wielding a +0 club
              (3 damage)
             ... on level 4 of the Dungeon.
             The game lasted 00:09:56 (3448 turns).

howech the Digger (Gargoyle Earth Elementalist)     Turns: 3448, Time: 00:09:57

Health: -2/24      AC:  5    Str: 11    XL:     4   Next: 78%
Magic:  3/8        EV: 12    Int: 18    God:    Vehumet [......]
Gold:   187        SH:  0    Dex: 10    Spells: 4/8 levels left

rFire   . . .      SeeInvis .   a - +0 mace
rCold   . . .      Faith    .   (no shield)
rNeg    + . .      Spirit   .   f - +0 robe
rPois   ∞          Reflect  .   (no helmet)
rElec   +          Harm     .   (no cloak)
rCorr   .          Rampage  .   (no gloves)
Will    .....                   (no boots)
Stlth   ++........              (no amulet)
HPRegen 0.08/turn               (no ring)
MPRegen 0.11/turn               (no ring)

@: weakened
A: sickness immunity, AC +3, negative energy resistance 1, electricity
resistance, torment resistance 1, petrification resistance
a: Renounce Religion


You were on level 4 of the Dungeon.
You worshipped Vehumet.
Vehumet was noncommittal.
You visited 2 branches of the dungeon, and saw 5 of its levels.

You collected 187 gold pieces.

Inventory:

Hand Weapons
 a - a +0 mace (weapon)
 b - a +1 war axe of flaming
Missiles
 j - 2 curare-tipped darts
Armour
 f - a +0 robe (worn)
Jewellery
 o - an amulet of the acrobat
Scrolls
 c - 3 scrolls of teleportation {unknown}
 g - a scroll of fog {unknown}
 h - a scroll of silence {unknown}
 m - a scroll of vulnerability {unknown}
 p - a scroll of enchant weapon {unknown}
Potions
 d - a potion of curing {unknown}
 e - a potion of degeneration {unknown}
 i - 2 potions of might {unknown}
 k - 3 potions of magic
 l - a potion of berserk rage {unknown}
 n - a potion of haste {unknown}


   Skills:
 + Level 0.7 Maces & Flails
 + Level 2.0 Dodging
 + Level 2.7 Stealth
 * Level 2.7 Spellcasting
 * Level 0.7 Conjurations
 + Level 1.5 Transmutations
 * Level 4.3 Earth Magic


You had 4 spell levels left.
You knew the following spells:

 Your Spells              Type           Power      Damage    Failure   Level
a - Sandblast             Erth           36%        2d10      2%          1
b - Stone Arrow           Conj/Erth      22%        3d8       19%         3

Your spell library contained the following spells:

 Spells                   Type           Power      Damage    Failure   Level
 Passwall                 Tmut/Erth      10%        N/A       8%          2
 Petrify                  Tmut/Erth      13%        N/A       45%         4


Dungeon Overview and Level Annotations

Branches:
Dungeon (4/15)             Temple (1/1) D:4

Altars:
Cheibriados
Gozag
Kikubaaqudgha
Makhleb
Nemelex Xobeh
Okawaru
Ru
Sif Muna
Trog
Uskayaw
Vehumet
Xom
Yredelemnul

Shops:
D:1 !

Annotations:
D:3 3 runed translucent doors, masschaos23's ghost, amateur HuFi


Innate Abilities, Weirdness & Mutations

You are immune to sickness and miasma.
Your stone body is resilient. (AC +3)
You are immune to poison.
You resist negative energy. (rN+)
You are resistant to electric shocks. (rElec)
You are resistant to unholy torment.
You are immune to petrification.


Message History

Aim: a gnoll, wielding a +0 club (moderately wounded, covering ground quickly, 84% to hit)
The blast of sand hits the gnoll but does no damage.
The gnoll is moderately wounded.
The gnoll hits you but does no damage. The gnoll attacks as you move away!
The gnoll hits you with a +0 club.
* * * LOW HITPOINT WARNING * * *
The gnoll bouda calls upon its god to heal the gnoll.
The gnoll's wounds heal themselves!
Unknown command.
Okay, then.
The gnoll bouda gazes fiercely through you!
You feel as though you will be weak longer.
The gnoll attacks as you move away! The gnoll misses you. x2
Unknown command.
Casting: Sandblast (safe; 2% risk of failure)
Confirm with . or Enter, or press ? or * to list all spells.
The spell is extremely dangerous to miscast (19% risk of failure)!
Continue anyway?
Okay, then.
Casting: Stone Arrow (extremely dangerous; 19% risk of failure)
Confirm with . or Enter, or press ? or * to list all spells.
Aiming: Sandblast (safe; 2% risk of failure)
Press: ? - help, Shift-Dir - straight line, f/p - gnoll
Aim: a gnoll, wielding a +0 club (covering ground quickly, 84% to hit)
The blast of sand hits the gnoll!
The gnoll is severely wounded.
The gnoll hits you with a +0 club.
* * * LOW HITPOINT WARNING * * *
Casting: Sandblast (safe; 2% risk of failure)
Confirm with . or Enter, or press ? or * to list all spells.
Aiming: Sandblast (safe; 2% risk of failure)
Press: ? - help, Shift-Dir - straight line, f/p - gnoll
Aim: a gnoll, wielding a +0 club (severely wounded, covering ground quickly, 84% to hit)
The blast of sand hits the gnoll!
You kill the gnoll!
Vehumet accepts your kill.
The gnoll bouda hits you with a +0 club.
* * * LOW HITPOINT WARNING * * *
The gnoll bouda attacks as you move away!
The gnoll bouda hits you with a +0 club.
You die...

...#.# #.#.### #.# .. #.#.#
#.#.# #.# . #...#####.#.#
#.# #.......#.######'##
#......)#.#.......####
#.......#†#.......'... #
#.........#.......###'
###.###.......###.......##..
...........@..# #.......##..
#. ######....g)..#
#.......##.. #.# #....g...#
#.......#... ..# #........#
#.......#... .. #.....##.#
#.....[.#.[. .##.
####.######.# #########...
..g.####....# .# #...
#..##g.#..# .# ##..
#......#.## #...


You could see a gnoll bouda and a gnoll (swift).

Vanquished Creatures
  A gnoll (D:4)
  2 adders
  A white imp (D:4)
  3 worms
  2 dart slugs
  2 orcs (D:4)
  3 endoplasms (D:2)
  4 giant cockroaches
  5 goblins
  4 hobgoblins (D:1)
  2 quokkas (D:3)
  7 ball pythons
  3 bats
  7 frilled lizards
  4 kobolds
  6 rats
56 creatures vanquished.

Vanquished Creatures (others)
  A human (D:3)
  A fungus (D:2)
  2 plants (D:2)
4 creatures vanquished.

Grand Total: 60 creatures vanquished

Notes
Turn   | Place    | Note
-------+----------+-------------------------------------------
     0 | D:1      | howech the Gargoyle Earth Elementalist began the quest for
                  | the Orb.
     0 | D:1      | Reached XP level 1. HP: 10/10 MP: 3/3
   132 | D:1      | Reached skill level 1 in Transmutations
   132 | D:1      | Reached XP level 2. HP: 15/15 MP: 3/5
   209 | D:1      | Found Zanelowo's Distillery.
   874 | D:2      | Found a faded altar of an unknown god.
   992 | D:2      | Reached skill level 4 in Earth Magic
   993 | D:2      | Reached XP level 3. HP: 16/19 MP: 1/6
  1292 | D:2      | Learned a level 3 spell: Stone Arrow
  1897 | D:3      | Found a hide-covered altar of Uskayaw.
  2029 | D:3      | Noticed masschaos23's ghost (amateur HuFi)
  2039 | D:3      | Found a runed translucent gate.
  2039 | D:3      | Found a runed translucent gate.
  2040 | D:3      | Found a runed translucent gate.
  2159 | D:3      | Reached XP level 4. HP: 24/24 MP: 1/7
  2521 | D:3      | Found an ancient bone altar of Kikubaaqudgha.
  2525 | D:3      | Noticed a human
  2526 | D:3      | Killed a human
  3114 | D:4      | Found a staircase to the Ecumenical Temple.
  3122 | Temple   | Entered the Ecumenical Temple
  3156 | Temple   | Became a worshipper of Vehumet
  3447 | D:4      | HP: 1/24 [gnoll bouda/+0 club (4)]
  3448 | D:4      | Slain by a gnoll bouda

Illustrated notes

Levels and vault maps discovered:
D:1:      dpeg_arrival_rhombi, layout_basic, serial_shops, shop
D:2:      layout_basic, shapermc_ecumenical_altar_acropolis
D:3:      layout_loops_ring, mainiacjoe_overflow_cross_hatched,
          tgw_kikubaaqudgha, gammafunk_ghost_split
D:4:      layout_basic, nicolae_qazlal_eye_of_the_storm,
          pdpol_wu_jian_five_deadly_venoms, ashenzari_conservatory_becter,
          mainiacjoe_overflow_big_doors, minmay_temple_entry_statues_pillars,
          minmay_misc_feat_x
Temple:   chequers_temple_sunken

Skill      XL: |  1  2  3 |
---------------+----------+-----
Transmutations | 1 |  1.5
Earth Magic    | 4 |  4.3
Dodging        | 2 |  2.0
Maces & Flails | |  0.7
Stealth        | |  2.7
Spellcasting   | |  2.7
Conjurations   | |  0.7

Action                   |  1- 3 |  4- 6 || total
-------------------------+-------+-------++-------
Melee: Mace              |     9 |     1 ||    10
       Unarmed           |     4 |       ||     4
 Cast: Sandblast         |    59 |    29 ||    88
Armor: Robe              |     7 |     8 ||    15
Dodge: Dodged            |    24 |     7 ||    31
